Tangles, neutral female sylph Healer ---- ---- .. .. -----a- ..- |...EG+ .| |@G.|.| .| |...|@--------.| |.G.|....-...|(--+ ----|....| ..|... -+--.-----..- |........+ --|--....| | |...|---.-----.| |...| +.......| |...| |.......| ----- -.....{.| ..........| ------------ Tangles the Rhizotomist Experience level: 1 Strength: 10 Dexterity: 9 Constitution: 13 Intelligence: 11 Wisdom: 16 Charisma: 17 Health: 0(13) Energy: 5(5) Def: 7 Gold: 23 Moves: 1290 Dungeon seed: _gcw6eqS84WsaX7u Game ID: Tangles_1470647759 Your Inventory: Coins $ - 23 gold pieces Weapons o - a blessed +0 scalpel (weapon in hand) Armor e - an uncursed +1 pair of leather gloves Comestibles a - a blessed eucalyptus leaf named skippy k - 9 blessed eucalyptus leaves p - 3 uncursed eggs u - 3 uncursed food rations v - an uncursed eucalyptus leaf w - 6 uncursed apples z - 2 uncursed bananas A - an uncursed partly eaten food ration Scrolls q - a cursed scroll of gold detection s - an uncursed scroll of enchant armor t - 2 uncursed scrolls of identify Spellbooks h - a blessed spellbook of healing i - a blessed spellbook of extra healing j - a blessed spellbook of stone to flesh Potions b - a blessed potion of healing d - 3 uncursed potions of healing f - 4 uncursed potions of extra healing m - a blessed potion of gain energy Wands g - a wand of sleep (0:7) Tools c - an uncursed stethoscope l - an uncursed credit card n - a magic harp (0:0) B - a cursed partly used tallow candle (lit) (0:117) C - an uncursed blindfold Gems r - an uncursed worthless piece of black glass N - 2 uncursed worthless pieces of blue glass Spells and supernatural/magical abilities: Name Level Category Fail Memory h - healing 1 healing 0% 94% x - extra healing 3 healing 91% 94% S - stone to flesh 3 healing 96% 94% W - pray for help -- divine ? -- Your skills at the end: Miscellaneous Skills wands [Basic] Weapon Skills knife [Basic] Spellcasting Skills healing spells [Basic] Final Attributes: You were devoutly aligned. You were poison resistant. You saw invisible. You were protected. You were protected from shape changers. You are dead. Vanquished creatures: a dwarf a hobbit a gecko 2 giant rats a yellow mold 2 gnomes a gnome zombie a jackal 3 newts a sewer rat a grid bug 2 lichens a kobold zombie 18 creatures vanquished. Voluntary challenges: You followed a strict vegan diet. You wore only your undergarments. You used a wielded weapon 7 times, starting on turn 42. You did not use containers. You did not apply a unicorn horn. You read items or engraved 1 time, starting on turn 1284. You never genocided any monsters. You never polymorphed an object. You never changed form. You used no wishes. You never split a pudding. You wrote Elbereth's name 1 time, starting on turn 1284. You never violated your personal moral code. Dungeon overview: The Dungeons of Doom: levels 1 to 5 Level 1 (v) an altar to Athena, some fountains a long staircase Level 2 a fountain, a sink Level 3 a fountain Level 4 a fountain stairs to The Gnomish Mines Level 5 The Gnomish Mines: levels 5 to 7 Level 5 stairs to The Dungeons of Doom Level 7 <- You were here a temple to Athena, a fountain History has recorded: On T:1 you entered the Dungeons of Doom to retrieve the Amulet of Yendor! On T:246 you reached level 2 of The Dungeons of Doom. On T:277 you reached level 3 of The Dungeons of Doom. On T:702 you reached level 4 of The Dungeons of Doom. On T:1052 you reached level 5 of The Dungeons of Doom. On T:1182 you reached level 1 of The Gnomish Mines. On T:1250 you reached level 3 of The Gnomish Mines. On T:1278 you entered the Minetown temple Score breakdown: Gold: 0 ( 0 points) Experience: 1 level ( 0 points) Exploration: 7 levels ( 180 points) Discoveries: 3 items ( 150 points) Variety of kills: 13 monsters ( 650 points) Major goal: reached Minetown ( 500 points) Survival: died (score multiplied by 3) Total score: 4440 Latest messages: 2 scrolls labeled VE FORBRYDERNE land on the altar. A credit card lands on the altar. There is a black flash as a partly used candle (lit) hits the altar. A blindfold lands on the altar. A black gem lands on the altar. 2 blue gems land on the altar. z - 2 uncursed bananas. v - an uncursed eucalyptus leaf. u - 3 uncursed food rations. A - an uncursed partly eaten food ration. s - an uncursed scroll labeled DAIYEN FOOELS. The scrolls turn to dust as you pick them up. (You can name a scroll labeled VE FORBRYDERNE from the item naming menu.) t - 2 uncursed scrolls labeled VENZAR BORGAVVE. C - an uncursed blindfold. B - a cursed partly used candle (lit). l - an uncursed credit card. r - an uncursed black gem. N - 2 uncursed blue gems. The soldier ant bites! You die... Final status: Goodbye Tangles the Healer, killed by a soldier ant... You died in The Gnomish Mines on dungeon level 7 with 4440 points, and 23 pieces of gold, after 1290 moves. You were level 1 with a maximum of 13 hit points when you died.